 Dungeon Sprint DCSS version 0.24-a0-439-g6dd8730de2 (webtiles) character file.

Game seed: 4915258142330401595

275 mahrnol the Fighter (level 6, 0/62 HPs)
             Began as a Minotaur Fighter on June 18, 2019.
             Slain by a slime creature (18 damage)
             ... in the Dungeon (Sprint I: "Red Sonja").
             The game lasted 00:03:25 (347 turns).

mahrnol the Fighter (Minotaur Fighter)               Turns: 347, Time: 00:03:25

Health: 0/62       AC:  8    Str: 23    XL:     6   Next: 3%
Magic:  5/5        EV:  8    Int:  5    God:
Gold:   162        SH: 11    Dex:  9    Spells: 5/5 levels left

rFire    . . .     SeeInvis .   a - +0 flail
rCold    . . .     Gourm    .   c - +0 shield
rNeg     . . .     Faith    .   b - +0 scale mail
rPois    .         Spirit   .   (helmet restricted)
rElec    .         Reflect  .   (no cloak)
rCorr    .         Harm     .   (no gloves)
MR       .....     NoTele   +   (no boots)
Stlth    ..........             (no amulet)
HPRegen  0.20/turn              (no ring)
MPRegen  0.09/turn              (no ring)

@: no status effects
A: retaliatory headbutt, horns 2
a: no special abilities


You were in the Dungeon.
You were not hungry.

You visited 1 branch You collected 162 gold pieces.

Inventory:

Hand Weapons
 a - a +0 flail (weapon)
 o - a +0 scythe
Armour
 b - a +0 scale mail (worn)
 c - a +0 shield (worn)
 n - a +2 robe of positive energy
Wands
 l - a wand of digging (6)
Scrolls
 k - a scroll of blinking
Potions
 d - a potion of might
 e - a potion of curing
 g - a potion of heal wounds
 h - a potion of haste
 i - 2 potions of magic
 j - a potion of berserk rage
Comestibles
 f - a ration
 m - 7 chunks of flesh


   Skills:
 + Level 8.9 Fighting
 + Level 7.1 Maces & Flails
 + Level 8.0 Armour
 - Level 0.2 Dodging
 + Level 8.8 Shields


You had 5 spell levels left.
You didn't know any spells.
Your spell library was empty.

Dungeon Overview and Level Annotations

Branches:
Dungeon (1/1)

Altars:
Makhleb
Xom
Jiyva
Lugonu


Innate Abilities, Weirdness & Mutations

You reflexively headbutt those who attack you in melee.
You have a pair of horns on your head.


Message History

A slime creature comes into view.
The slime creature quivers.
Found four altars.
You sock the slime creature!
The slime creature is lightly wounded.
The slime creature hits you but does no damage.
You barely miss the slime creature.
The slime creature is lightly wounded.
The slime creature hits you!
You barely miss the slime creature.
The slime creature is lightly wounded.
The slime creature hits you!
You hit the slime creature but do no damage.
The slime creature is lightly wounded.
The slime creature hits you! x2
* * * LOW HITPOINT WARNING * * *
You sock the slime creature! You headbutt the slime creature.
The slime creature is moderately wounded.
The slime creature hits you!!
You die...

################ ##
#<.#..)..#..'..#__#
#..').#..'÷.#.@J..+
#..#####'#####+#__#
#..# #..# ## #..#
#### #..# #⌠⌠# ####


You could see a slime creature.

Vanquished Creatures
  Sigmund (D)
  An ogre (D)
  Ijyb (D)
3 creatures vanquished.

Notes
Turn   | Place    | Note
-------+----------+-------------------------------------------
     0 | D        | mahrnol the Minotaur Fighter began the quest for the Orb.
     0 | D        | Reached XP level 1. HP: 19/19 MP: 0/0
     1 | D        | Noticed Ijyb
    14 | D        | Killed Ijyb
    14 | D        | Reached skill level 5 in Fighting
    14 | D        | Reached skill level 5 in Armour
    14 | D        | Reached skill level 5 in Shields
    14 | D        | Reached XP level 2. HP: 18/29 MP: 1/1
   132 | D        | Noticed an ogre
   139 | D        | Killed an ogre
   139 | D        | Reached skill level 5 in Maces & Flails
   139 | D        | Reached XP level 3. HP: 37/39 MP: 2/2
   139 | D        | Reached XP level 4. HP: 45/47 MP: 3/3
   160 | D        | Noticed Sigmund
   204 | D        | Killed Sigmund
   204 | D        | Reached XP level 5. HP: 33/56 MP: 4/4
   204 | D        | Reached XP level 6. HP: 37/62 MP: 5/5
   341 | D        | Found a burning altar of Makhleb.
   341 | D        | Found a viscous altar of Jiyva.
   341 | D        | Found a shimmering altar of Xom.
   341 | D        | Found a corrupted altar of Lugonu.
   341 | D        | Noticed a slime creature
   347 | D        | Slain by a slime creature

Levels and vault maps discovered:
D:        dungeon_sprint_1 [red_sonja_temple_1, red_sonja_temple_small_1]

Skill      XL: |  1  2  3  4 |
---------------+-------------+-----
Fighting       | 5 7 8 |  8.9
Maces & Flails | 3 5 7 |  7.1
Armour         | 5 6 8 |  8.0
Shields        | 5 7 8 |  8.8
Dodging        | |  0.2

Action                   |  1- 3 |  4- 6 || total
-------------------------+-------+-------++-------
Melee: Flail             |    18 |    12 ||    30
       Headbutt          |     4 |     2 ||     6
Armor: Scale mail        |     2 |     2 ||     4
Dodge: Dodged            |     6 |     1 ||     7
Block: Shield            |     7 |     1 ||     8

Table legend:
 A = Non-vault XP
 B = Vault XP
 C = Vault XP percentage of total XP
 D = Non-vault monster count
 E = Vault monster count
 F = Vault count percentage of total count
                 A         B        C        D         E       F
            +---------+---------+-------+---------+---------+-------
      Total |       0 |     394 | 100.0 |       0 |       3 | 100.0
            +---------+---------+-------+---------+---------+-------
          D |       0 |     394 | 100.0 |       0 |       3 | 100.0
            +---------+---------+-------+---------+---------+-------
